Map: Tokamak LE

Players

SpeCial

  • Race: Terran Terran
  • League: Diamond
  • Spawn Location: 1:00

A.I. 1 (Very Easy) - Winner!

  • Race: Protoss Protoss
  • Spawn Location: 7:00

VOD

Have the link to the VOD?

Description

Time

  • Played on: Aug. 7, 2025, 9:56 a.m.
  • Length: 9:45
Show
View Real Time Build Order
Export as new Build Order

SpeCial Terran 

Build Orders:  

Get SALT Encoding   

  12  0:00  SCV  
  13  0:12  SCV  
  14  0:18  Supply Depot  
  14  0:24  SCV  
  15  0:39  SCV  
  15  0:40  Barracks  
  16  0:44  Refinery  
  16  0:51  SCV  
  16  0:53  Refinery  
  17  1:03  SCV  
  18  1:15  SCV  
  19  1:28  Reaper  
  19  1:29  Orbital Command  
  19  1:30  Supply Depot  
  20  1:42  Factory  
  20  1:54  SCV  
  21  2:01  Reaper  
  22  2:09  SCV  
  23  2:19  Command Center  
  23  2:22  SCV  
  24  2:26  Hellion  
  26  2:33  Starport  
  26  2:35  Barracks Reactor  
  26  2:37  SCV  
  27  2:47  Supply Depot  
  27  2:48  Widow Mine  
  27  2:51  SCV  
  30  3:03  SCV  
  31  3:12  Factory Tech Lab  
  31  3:13  Marine x2, Starport Tech Lab  
  31  3:15  SCV  
  31  3:17  Refinery  
  34  3:28  SCV  
  34  3:30  Cyclone  
  34  3:31  Orbital Command  
  34  3:32  Marine  
  39  3:40  Raven, SCV  
  43  3:52  Marine x2  
  43  3:54  SCV  
  45  3:56  SCV  
  46  4:02  Supply Depot  
  46  4:04  Siege Tank  
  46  4:06  SCV  
  46  4:08  SCV  
  53  4:17  Raven  
  53  4:18  SCV  
  54  4:24  SCV  
  54  4:25  Supply Depot  
  54  4:30  SCV  
  56  4:35  Command Center  
  56  4:37  Interference Matrix  
  56  4:38  SCV  
  56  4:42  SCV  
  60  4:47  Supply Depot  
  60  4:51  Raven, SCV  
  61  4:54  SCV  
  61  4:56  Siege Tank  
  61  4:59  Marine  
  65  5:00  Marine  
  65  5:02  Supply Depot  
  65  5:06  SCV x2  
  69  5:18  SCV  
  69  5:19  SCV  
  71  5:28  Siege Tank  
  74  5:29  Barracks  
  74  5:30  Barracks, Refinery  
  74  5:31  SCV x2  
  76  5:36  Supply Depot  
  76  5:43  SCV x2  
  76  5:44  Viking, Supply Depot  
  76  5:45  Marine, Viking  
  76  5:47  Stimpack  
  83  5:50  Orbital Command  
  83  5:58  SCV x2  
  83  6:02  Siege Tank, Marine  
  89  6:12  Engineering Bay  
  89  6:15  Engineering Bay  
  89  6:17  Viking x2  
  93  6:20  Orbital Command, SCV x2  
  93  6:23  Barracks Reactor x2  
  93  6:24  Marine  
  96  6:36  Barracks, SCV  
  96  6:37  Barracks, SCV  
  96  6:38  Supply Depot  
  98  6:42  Siege Tank  
  101  6:47  SCV  
  101  6:48  SCV  
  103  6:54  Viking x2  
  103  6:57  Marine  
  103  6:59  SCV x2  
  110  7:02  SCV  
  110  7:03  Supply Depot  
  110  7:06  Supply Depot  
  111  7:08  Marine x3  
  111  7:09  Marine  
  111  7:10  Terran Infantry Armor Level 1, Terran Infantry Weapons Level 1  
  111  7:14  SCV x2  
  117  7:17  Refinery x2  
  117  7:21  Marine  
  118  7:25  Sensor Tower, Barracks Reactor, SCV  
  118  7:26  Marine, Barracks Reactor, SCV  
  118  7:29  SCV  
  122  7:31  Combat Shield  
  122  7:33  Marine  
  122  7:35  Marine  
  122  7:36  Marine  
  125  7:39  Marine, SCV x2  
  125  7:42  Supply Depot x2  
  125  7:43  Medivac x2  
  132  7:47  Marine  
  132  7:50  SCV  
  132  7:51  Marine, SCV  
  134  7:53  Factory  
  136  7:58  Siege Tank  
  136  8:01  Marine x2  
  136  8:03  Marine x2  
  136  8:04  Marine x2  
  136  8:05  Supply Depot  
  145  8:06  Supply Depot  
  145  8:09  Armory  
  145  8:10  Marine x3  
  148  8:15  Medivac x2  
  148  8:19  Marine x2  
  154  8:21  Marine  
  155  8:28  Command Center  
  155  8:30  Siege Tank  
  155  8:33  Supply Depot  
  158  8:34  Supply Depot  
  158  8:38  Marine x3  
  158  8:39  Marine x2  
  163  8:44  Supply Depot  
  163  8:45  Supply Depot  
  163  8:46  SCV  
  163  8:47  SCV x2  
  166  8:48  Marine  
  166  8:49  Marine x2  
  166  8:53  Barracks  
  169  8:56  Marine  
  169  8:59  Barracks x2, Barracks Reactor  
  169  9:01  SCV  
  169  9:02  SCV x2  
  173  9:16  Marine x8  
  181  9:22  Sensor Tower  
  187  9:32  Supply Depot  
Show
View Real Time Build Order
Export as new Build Order

A.I. 1 (Very Easy) Protoss - Winner!

Build Orders: 1 Gate Expand, Nexus First 

Get SALT Encoding   

  12  0:00  Probe  
  13  0:13  Probe  
  14  0:20  Pylon  
  14  0:43  Gateway  
  14  1:01  Nexus  
  14  1:19  Pylon  
  14  1:21  Zealot  
  14  1:24  Assimilator  
  16  1:33  Probe  
  16  1:36  Cybernetics Core  
  17  1:41  Probe  
  18  1:51  Probe  
  19  2:01  Probe  
  19  2:04  Assimilator  
  19  2:05  Stalker  
  20  2:09  Probe  
  23  2:19  Probe  
  24  2:26  Probe  
  24  2:27  Warp Gate  
  25  2:34  Probe  
  26  2:47  Assimilator, Probe  
  26  2:49  Pylon  
  27  2:54  Probe  
  28  3:01  Probe  
  29  3:09  Probe  
  29  3:11  Robotics Facility  
  29  3:12  Probe  
  31  3:20  Probe  
  32  3:29  Zealot  
  32  3:30  Probe  
  32  3:34  Probe  
  35  3:44  Probe  
  36  3:52  Probe  
  37  3:59  Probe, Observer  
  39  4:06  Probe  
  40  4:11  Probe  
  40  4:14  Assimilator  
  41  4:17  Observer  
  41  4:18  Probe  
  41  4:24  Probe  
  43  4:31  Probe  
  44  4:38  Pylon  
  45  4:42  Probe, Sentry  
  48  4:49  Probe  
  49  4:56  Probe  
  50  5:28  Observer  
  50  6:17  Zealot  
  44  7:30  Zealot  
  46  7:53  Observer  
  46  8:29  Observer  
  42  8:44  Sentry  
  44  9:16  Observer  
Tags
 
Add a new tag
Caveats
  • Supply blocks, unpowered buildings, or Contaminate may cause inaccurate times.
  • Supply counts are checked every 10 seconds.